Map: Neon Violet Square LE

Players

Lambo

  • Race: Zerg Zerg
  • Spawn Location: 11:00

gumiho - Winner!

  • Race: Terran Terran
  • Spawn Location: 5:00

Event: HomeStory Cup XXVI

VOD

Have the link to the VOD?

Description

Time

  • Played on: Nov. 29, 2024, 10:27 a.m.
  • Length: 24:22

All games in this series

Show
View Real Time Build Order
Export as new Build Order

Lambo Zerg 

Build Orders: Hatch First 

Get SALT Encoding   

  12  0:00  Drone  
  13  0:08  Drone  
  14  0:14  Extractor  
  14  0:16  Drone  
  15  0:22  Overlord  
  15  0:41  Drone  
  16  0:48  Hatchery  
  15  0:51  Drone  
  15  0:55  Drone  
  17  1:02  Drone  
  18  1:09  Extractor  
  17  1:14  Spawning Pool  
  17  1:18  Drone  
  17  1:21  Drone  
  18  1:27  Drone  
  19  1:38  Drone  
  20  1:47  Drone  
  21  2:00  Queen x2  
  25  2:01  Zergling x4  
  27  2:10  Drone  
  27  2:11  Overlord  
  28  2:24  Hatchery  
  28  2:28  Drone  
  29  2:30  Drone  
  29  2:32  Drone  
  29  2:35  Drone  
  31  2:44  Queen  
  31  2:48  Overlord  
  33  2:51  Drone  
  33  2:54  Drone  
  33  2:56  Drone  
  36  3:03  Roach Warren  
  34  3:07  Drone x2  
  34  3:11  Drone x2  
  38  3:15  Drone  
  38  3:16  Drone  
  40  3:23  Queen  
  42  3:28  Overlord  
  42  3:33  Drone  
  42  3:34  Overlord  
  43  3:39  Queen  
  45  3:43  Drone  
  45  3:46  Roach x2  
  50  3:49  Roach  
  50  3:52  Roach  
  50  3:55  Roach  
  56  3:57  Overlord  
  56  3:59  Drone  
  57  4:03  Overlord  
  57  4:05  Drone  
  57  4:08  Drone x2  
  60  4:11  Overlord  
  60  4:13  Drone  
  60  4:15  Drone  
  62  4:17  Drone  
  62  4:18  Drone  
  62  4:19  Drone  
  62  4:22  Overlord  
  65  4:25  Drone  
  65  4:28  Extractor  
  65  4:29  Drone x2  
  65  4:30  Drone  
  68  4:32  Ravager  
  68  4:33  Drone  
  68  4:36  Drone  
  68  4:38  Overlord  
  71  4:42  Lair  
  71  4:44  Drone x2  
  73  4:47  Drone  
  73  4:50  Drone x2  
  73  4:51  Drone x2  
  76  4:53  Overlord  
  76  4:55  Drone x2  
  76  4:57  Drone, Extractor  
  78  5:02  Overlord  
  78  5:04  Queen  
  78  5:06  Drone  
  81  5:10  Drone x4  
  81  5:13  Drone x2  
  87  5:16  Extractor  
  87  5:19  Drone x3  
  89  5:22  Spore Crawler  
  89  5:23  Drone x2  
  89  5:25  Extractor  
  89  5:26  Extractor  
  88  5:29  Spore Crawler  
  88  5:30  Queen  
  88  5:33  Spore Crawler  
  88  5:34  Drone x4  
  88  5:35  Drone  
  93  5:36  Drone  
  93  5:41  Evolution Chamber  
  93  5:42  Overseer  
  93  5:48  Drone  
  93  5:49  Spire  
  93  5:53  Overlord  
  93  5:57  Roach x2  
  97  6:04  Roach x3  
  103  6:09  Zerg Missile Weapons Level 1  
  105  6:15  Hatchery  
  106  6:20  Overlord  
  106  6:22  Overlord  
  106  6:24  Drone  
  106  6:25  Drone, Overlord  
  108  6:26  Drone x2  
  108  6:32  Overlord x2, Evolution Chamber  
  106  6:34  Overlord  
  105  6:42  Drone x3  
  108  6:47  Overlord  
  108  6:49  Drone x2  
  108  6:51  Baneling Nest, Roach x3  
  115  6:57  Hatchery  
  114  7:01  Mutalisk x5  
  114  7:02  Mutalisk x3  
  114  7:04  Mutalisk  
  132  7:08  Mutalisk  
  132  7:11  Metabolic Boost  
  132  7:12  Drone x2  
  132  7:13  Drone  
  137  7:15  Drone  
  137  7:16  Drone  
  137  7:17  Drone  
  137  7:19  Drone x2  
  142  7:26  Drone x4  
  144  7:31  Drone  
  142  7:37  Overlord  
  142  7:38  Overseer  
  142  7:39  Overlord  
  142  7:41  Drone x4  
  144  7:44  Extractor  
  144  7:45  Overseer  
  144  7:46  Extractor  
  144  7:47  Centrifugal Hooks  
  144  7:48  Zerg Melee Weapons Level 1  
  144  7:49  Zergling x14  
  148  7:55  Overlord  
  148  7:58  Roach x7  
  148  8:01  Ravager x2  
  148  8:03  Roach x2  
  168  8:09  Zergling x2, Roach x2  
  168  8:10  Zergling x6  
  172  8:19  Zerg Missile Weapons Level 2  
  168  8:24  Overlord  
  168  8:25  Zergling x20  
  174  8:30  Zergling x10  
  177  8:40  Zergling x6  
  180  8:41  Ravager  
  180  8:42  Glial Reconstitution, Ravager  
  180  8:43  Overlord  
  180  8:44  Hatchery  
  180  8:45  Overlord  
  180  8:46  Zergling x6  
  182  8:56  Zergling x12  
  182  8:58  Overseer  
  182  8:59  Zerg Flyer Weapons Level 1  
  182  9:01  Zergling x4  
  182  9:02  Infestation Pit  
  189  9:03  Ravager  
  189  9:05  Baneling x15  
  189  9:06  Baneling, Hatchery  
  189  9:14  Zergling x18  
  198  9:23  Zergling x2  
  199  9:24  Baneling  
  199  9:25  Baneling x19  
  199  9:31  Overlord  
  199  9:44  Overlord  
  186  9:53  Corruptor  
  186  9:54  Corruptor x2  
  186  9:56  Hive  
  186  9:57  Zergling x18  
  197  10:00  Overlord  
  193  10:15  Drone x7  
  193  10:19  Overlord  
  198  10:30  Hydralisk Den  
  198  10:32  Spore Crawler  
  196  10:35  Zergling x2  
  196  10:36  Zergling x6  
  196  10:42  Hatchery, Zerg Melee Weapons Level 2  
  199  10:46  Baneling x2  
  199  10:47  Baneling x16  
  195  10:50  Zergling x10  
  195  10:51  Overlord  
  195  10:56  Zergling x26  
  198  11:00  Zergling x30  
  198  11:04  Zergling x6  
  187  11:08  Zergling x4  
  168  11:12  Grooved Spines  
  168  11:13  Infestor  
  168  11:14  Infestor x2  
  168  11:15  Zergling x2  
  168  11:16  Zergling x6  
  169  11:20  Overseer  
  169  11:23  Zergling x10  
  169  11:25  Baneling x7  
  173  11:27  Zergling x2  
  172  11:33  Zerg Missile Weapons Level 3  
  172  11:34  Greater Spire  
  172  11:36  Baneling x3  
  172  11:41  Drone  
  172  11:42  Drone x2  
  172  11:43  Zergling x8  
  179  11:48  Pneumatized Carapace  
  179  11:49  Hatchery  
  178  11:56  Corruptor x5  
  178  12:00  Corruptor  
  186  12:04  Neural Parasite  
  186  12:08  Corruptor  
  178  12:29  Corruptor x2  
  158  12:33  Infestor x4  
  149  12:39  Drone x14  
  161  12:48  Corruptor x2  
  161  12:50  Infestor  
  167  12:51  Ravager  
  167  13:00  Extractor  
  167  13:01  Spore Crawler, Extractor  
  167  13:03  Spore Crawler  
  163  13:06  Drone x2  
  163  13:07  Drone x3  
  163  13:12  Hatchery  
  167  13:13  Roach x2  
  167  13:14  Roach  
  167  13:16  Ravager x4  
  177  13:23  Drone x3  
  180  13:31  Spine Crawler  
  180  13:33  Spine Crawler  
  180  13:34  Spine Crawler, Spore Crawler, Drone  
  177  13:35  Spine Crawler, Spore Crawler  
  177  13:37  Spine Crawler  
  177  13:38  Roach x4  
  177  13:41  Burrow  
  181  13:42  Roach x3  
  175  13:54  Infestor  
  173  13:59  Ravager x7  
  173  14:01  Roach  
  173  14:02  Roach  
  183  14:05  Drone x3  
  183  14:06  Drone x2  
  184  14:15  Infestor x2  
  188  14:17  Roach x2  
  188  14:18  Ravager x2  
  189  14:24  Overlord  
  189  14:31  Hatchery  
  189  14:32  Overlord  
  189  14:36  Overlord  
  189  14:37  Overlord  
  188  14:39  Hatchery  
  188  14:42  Spine Crawler  
  188  14:44  Spine Crawler, Extractor  
  188  14:45  Infestor x2, Extractor  
  180  14:52  Roach x2  
  182  14:53  Ravager x4  
  186  15:00  Roach x2  
  186  15:03  Infestor  
  186  15:06  Zerg Flyer Armor Level 1  
  192  15:07  Zerg Ground Armor Level 1, Adrenal Glands  
  192  15:25  Infestor x2  
  192  15:26  Infestor  
  194  15:30  Ravager  
  194  15:31  Ravager  
  194  15:35  Ravager  
  197  15:37  Hatchery  
  199  15:42  Drone x3  
  199  15:56  Drone  
  200  16:07  Spine Crawler  
  200  16:09  Ravager  
  200  16:10  Spore Crawler  
  199  16:32  Corruptor x2  
  171  16:59  Brood Lord x10  
  171  17:00  Zerg Flyer Weapons Level 2  
  195  17:02  Corruptor x3  
  195  17:03  Infestor  
  199  17:15  Extractor  
  198  17:16  Extractor  
  198  17:19  Infestor x3  
  198  17:22  Corruptor x2  
  190  17:23  Corruptor x2  
  190  17:24  Corruptor  
  182  17:37  Roach x3  
  182  17:38  Infestor x2  
  178  17:48  Corruptor x3  
  172  17:52  Infestor  
  172  17:54  Zergling x34  
  191  18:00  Brood Lord  
  191  18:04  Corruptor x2  
  197  18:17  Infestor  
  197  18:19  Zergling x2  
  200  18:21  Zerg Melee Weapons Level 3  
  200  18:24  Overlord  
  200  18:27  Overlord  
  200  18:31  Overlord  
  200  18:33  Infestor x2  
  195  18:36  Corruptor  
  195  18:37  Corruptor x3  
  188  18:41  Corruptor x2  
  182  18:48  Corruptor  
  182  18:49  Corruptor  
  182  18:55  Zergling x22  
  178  19:04  Infestor  
  164  19:10  Infestor x2  
  164  19:16  Zerg Flyer Armor Level 2  
  160  19:17  Corruptor x2  
  161  19:26  Corruptor x2  
  161  19:30  Zergling x2  
  161  19:31  Zergling x10  
  133  19:35  Infestor  
  125  19:41  Infestor  
  125  19:43  Roach x3  
  129  19:47  Roach x2  
  133  19:53  Roach  
  133  19:54  Roach x2  
  133  19:59  Roach  
  145  20:00  Roach x2  
  145  20:04  Roach x2  
  149  20:11  Drone x3  
  149  20:12  Infestor x2  
  154  20:15  Roach x2  
  154  20:16  Ravager x2  
  154  20:17  Ravager  
  160  20:27  Roach x5  
  170  20:32  Queen  
  170  20:34  Infestor  
  174  20:41  Ravager x3  
  177  20:43  Roach x2  
  177  20:44  Overlord  
  177  20:47  Drone x3  
  184  20:57  Roach x3  
  184  20:59  Drone  
  184  21:02  Extractor  
  184  21:03  Extractor  
  189  21:09  Roach x5  
  189  21:10  Ravager x2  
  189  21:11  Hatchery  
  198  21:15  Zergling x8  
  198  21:16  Ravager x2  
  185  21:26  Ravager x5  
  185  21:29  Drone x3  
  185  21:31  Drone x2  
  185  21:32  Drone  
  193  21:34  Roach x3  
  193  21:36  Overlord  
  199  21:45  Overlord  
  199  21:46  Overlord  
  199  21:51  Overlord  
  196  21:54  Overlord  
  196  21:55  Ravager x2  
  196  21:57  Overlord  
  196  22:01  Overlord  
  194  22:11  Roach  
  194  22:12  Roach x3  
  197  22:24  Infestation Pit  
  197  22:25  Spire  
  197  22:26  Roach Warren  
  182  22:39  Corruptor x5  
  182  22:58  Drone x3  
  183  23:04  Extractor  
  182  23:06  Extractor  
  179  23:15  Infestor  
  179  23:21  Overlord  
  179  23:23  Roach x4  
  189  23:30  Roach  
  181  23:38  Overlord  
  179  23:41  Overlord  
  179  23:45  Overlord  
  150  24:00  Roach x6  
Show
View Real Time Build Order
Export as new Build Order

gumiho Terran - Winner!

Build Orders: Command Center First 

Get SALT Encoding   

  12  0:00  SCV  
  13  0:12  SCV  
  14  0:17  Supply Depot  
  14  0:24  SCV  
  15  0:39  SCV  
  16  0:51  SCV  
  17  1:00  Command Center  
  17  1:03  SCV  
  18  1:14  Barracks  
  18  1:17  SCV  
  19  1:22  Refinery  
  19  1:29  SCV  
  19  1:31  Refinery  
  20  1:41  SCV  
  21  1:53  SCV  
  23  2:01  Reaper  
  23  2:05  Orbital Command  
  23  2:11  Orbital Command  
  23  2:18  Factory  
  23  2:31  SCV  
  23  2:34  Barracks Reactor  
  24  2:37  SCV  
  24  2:43  SCV  
  26  2:51  Command Center  
  26  2:54  SCV  
  26  2:57  SCV  
  28  3:04  Supply Depot  
  28  3:06  SCV  
  28  3:09  SCV  
  30  3:12  Starport  
  30  3:15  Hellion  
  34  3:20  Hellion  
  34  3:21  SCV  
  34  3:24  SCV  
  36  3:27  Barracks Tech Lab  
  36  3:34  SCV  
  37  3:36  SCV  
  37  3:39  Hellion  
  42  3:41  Hellion  
  42  3:46  SCV  
  44  3:48  SCV, Viking  
  46  3:57  Refinery  
  46  3:59  Refinery  
  46  4:02  Orbital Command  
  46  4:03  SCV x2  
  46  4:04  Marine  
  51  4:10  Hellion  
  51  4:13  Supply Depot  
  51  4:15  SCV x2  
  54  4:27  SCV x2  
  54  4:30  SCV  
  56  4:32  Factory  
  56  4:33  Banshee  
  56  4:36  Supply Depot  
  56  4:38  Factory  
  59  4:41  Widow Mine x2  
  63  4:53  SCV x3  
  63  4:56  Supply Depot  
  63  4:57  Supply Depot x2  
  66  5:02  Barracks Tech Lab  
  66  5:05  SCV x3  
  69  5:07  Armory  
  69  5:10  Armory  
  69  5:17  SCV x2  
  69  5:18  SCV  
  72  5:24  Factory  
  72  5:26  Mag-Field Accelerator  
  72  5:27  Starport Tech Lab, Factory  
  72  5:30  SCV x2  
  72  5:31  SCV  
  75  5:41  Supply Depot  
  75  5:42  SCV x2  
  77  5:43  SCV  
  77  5:46  Cyclone  
  77  5:47  Cyclone  
  77  5:48  Cloaking Field  
  84  5:54  SCV x2  
  84  5:55  SCV, Refinery  
  87  5:57  Refinery  
  87  6:06  SCV x2, Terran Vehicle Weapons Level 1, Terran Vehicle And Ship Armor Level 1  
  87  6:07  SCV  
  88  6:14  Factory Tech Lab x2  
  88  6:18  SCV, Command Center  
  89  6:19  Cyclone  
  89  6:21  SCV x2  
  89  6:24  Cyclone  
  97  6:26  Banshee  
  97  6:30  SCV  
  97  6:31  Supply Depot  
  101  6:34  SCV  
  101  6:35  Supply Depot  
  101  6:36  Supply Depot  
  101  6:37  SCV  
  103  6:42  SCV  
  103  6:46  Supply Depot, SCV  
  103  6:47  Engineering Bay  
  105  6:48  Cyclone  
  105  6:49  SCV  
  105  6:53  Cyclone  
  112  6:58  Supply Depot  
  112  7:01  Supply Depot  
  112  7:02  Cyclone  
  112  7:03  Supply Depot  
  112  7:04  Cyclone  
  112  7:06  Hellion  
  120  7:09  Hellion  
  120  7:13  SCV x2  
  120  7:14  SCV  
  125  7:17  Banshee  
  126  7:33  Missile Turret  
  126  7:34  Missile Turret  
  126  7:38  Orbital Command, Missile Turret x2  
  126  7:39  Cyclone x2  
  126  7:40  Cyclone  
  126  7:44  Cyclone  
  138  7:50  SCV x2, Hellion x2  
  144  7:58  SCV  
  144  8:00  Supply Depot  
  144  8:02  Supply Depot, Terran Vehicle Weapons Level 2, SCV  
  143  8:15  Hyperflight Rotors, Cyclone x2  
  143  8:16  Cyclone  
  143  8:17  Cyclone  
  152  8:27  Refinery  
  152  8:28  Infernal Pre-Igniter, Refinery  
  149  8:36  Banshee  
  149  8:40  SCV x3  
  155  8:42  Supply Depot, Starport  
  155  8:47  Cyclone x2  
  158  8:48  Cyclone  
  158  8:52  SCV  
  165  9:03  Terran Vehicle And Ship Armor Level 2  
  165  9:04  Fusion Core  
  165  9:05  Command Center  
  165  9:07  Missile Turret  
  165  9:09  Cyclone  
  165  9:11  Hellion x2  
  165  9:13  Smart Servos  
  169  9:20  Banshee  
  172  9:26  Starport Tech Lab, Starport  
  172  9:36  Siege Tank x2  
  172  9:37  Hellion x2  
  178  9:57  Battlecruiser  
  184  10:06  Command Center  
  182  10:07  Battlecruiser, Command Center  
  182  10:08  Starport Tech Lab  
  186  10:23  Planetary Fortress  
  186  10:25  Missile Turret  
  186  10:30  Sensor Tower  
  186  10:36  Terran Ship Weapons Level 1  
  186  10:38  Battlecruiser  
  186  10:39  Supply Depot  
  186  10:41  Starport  
  192  10:45  Refinery  
  192  10:46  Refinery  
  192  10:56  Siege Tank  
  158  11:05  Hellion  
  158  11:06  Hellion x4  
  162  11:13  Battlecruiser  
  162  11:14  Battlecruiser  
  174  11:19  Starport Tech Lab  
  174  11:21  Orbital Command x2  
  174  11:27  Cyclone, Hellion x2  
  181  11:35  Terran Vehicle And Ship Armor Level 3  
  181  11:40  Command Center  
  181  11:54  Weapon Refit  
  178  12:21  Siege Tank, Hellion x2  
  178  12:22  Hellion x3  
  173  12:30  Terran Vehicle Weapons Level 3  
  149  12:43  Cyclone, Hellion x4  
  154  12:44  Battlecruiser  
  154  12:49  Orbital Command  
  154  12:51  Missile Turret  
  160  12:52  Missile Turret  
  160  12:53  Cyclone  
  163  13:04  Battlecruiser x2, Cyclone x2, Hellion x2  
  185  13:12  Battlecruiser  
  185  13:15  Hellion  
  187  13:20  Command Center  
  187  13:32  Siege Tank  
  190  13:36  Siege Tank x2  
  190  13:39  Siege Tank  
  195  13:42  Planetary Fortress  
  195  13:45  Missile Turret  
  193  13:48  Missile Turret, Hellion x2  
  191  13:56  SCV  
  191  13:57  SCV x5  
  191  13:59  Refinery  
  191  14:02  Refinery  
  197  14:04  Siege Tank  
  194  14:21  Refinery  
  194  14:23  Siege Tank x2, Refinery  
  200  14:24  Missile Turret  
  200  14:25  Missile Turret  
  200  14:35  Hellion  
  198  14:50  Hellion  
  200  15:01  Missile Turret  
  200  15:02  Missile Turret  
  200  15:03  Missile Turret  
  200  15:05  Command Center  
  200  15:07  Barracks  
  200  15:08  Command Center  
  200  15:09  Missile Turret  
  200  15:15  Terran Ship Weapons Level 2  
  184  15:38  Battlecruiser x2  
  184  15:41  Siege Tank  
  184  15:42  Siege Tank  
  200  15:47  Missile Turret  
  200  15:51  Barracks  
  200  15:55  Sensor Tower  
  200  16:07  Missile Turret  
  200  16:11  Starport x2  
  200  16:12  Starport  
  200  16:23  Orbital Command  
  199  16:32  Missile Turret  
  190  16:48  Battlecruiser  
  190  16:49  Starport Tech Lab x2  
  190  16:50  Starport Tech Lab  
  190  16:52  Factory  
  196  16:54  Factory  
  196  17:08  Command Center  
  196  17:09  Missile Turret  
  196  17:10  Missile Turret  
  196  17:11  Missile Turret, Sensor Tower  
  196  17:12  Missile Turret  
  196  17:21  Siege Tank  
  193  17:35  Thor x2  
  193  17:38  Thor  
  186  17:44  Battlecruiser  
  183  17:53  Thor  
  183  17:55  Hellion x2  
  183  17:57  Factory Reactor  
  183  17:58  Factory Tech Lab  
  192  18:10  Terran Ship Weapons Level 3  
  190  18:18  Cyclone x3  
  195  18:21  Cyclone  
  197  18:29  Hellion  
  196  18:36  Cyclone  
  172  18:50  Cyclone, Battlecruiser x4  
  172  18:55  Orbital Command, Battlecruiser  
  199  19:01  Battlecruiser  
  199  19:02  Battlecruiser  
  185  19:16  Siege Tank x2, Hellion x2  
  185  19:17  Hellion x4  
  195  19:22  Hellion  
  196  19:31  SCV  
  192  19:38  Cyclone, Hellion x4  
  197  19:39  Hellion  
  199  20:12  Missile Turret  
  199  20:13  Missile Turret  
  199  20:14  Sensor Tower  
  199  20:33  Command Center  
  195  20:53  Siege Tank x2  
  195  20:54  Hellion  
  195  20:56  Hellion  
  199  20:57  Hellion  
  197  21:04  Missile Turret  
  197  21:05  Missile Turret  
  197  21:07  Missile Turret x2  
  197  21:13  Planetary Fortress  
  197  21:17  Raven  
  199  21:32  Missile Turret  
  199  21:34  Orbital Command  
  199  21:35  Missile Turret  
  199  21:39  Orbital Command  
  194  22:01  Factory  
  194  22:02  Factory  
  194  22:03  Factory  
  194  22:11  Planetary Fortress  
  194  22:13  Starport  
  191  22:30  Orbital Command  
  191  22:33  Missile Turret  
  191  22:36  Siege Tank x3  
  193  22:39  Hellion x3  
  197  22:48  Factory Tech Lab x3  
  197  22:51  Starport  
  192  23:00  Hellion x2  
  192  23:01  Hellion  
  197  23:08  Hellion  
  194  23:22  Cyclone, Hellion x2  
  196  23:34  Cyclone  
  196  23:38  Hellion  
Tags
 
Add a new tag
Caveats
  • Supply blocks, unpowered buildings, or Contaminate may cause inaccurate times.
  • Supply counts are checked every 10 seconds.